Map: Kairos Junction LE

Players

Roxrite - Winner!

  • Race: Terran Terran
  • League: Diamond
  • Spawn Location: 5:00

Smeeeger

  • Race: Zerg Zerg
  • League: Platinum
  • Spawn Location: 11:00

VOD

Have the link to the VOD?

Description

Time

  • Played on: July 12, 2019, 12:02 p.m.
  • Length: 9:45
Show
View Real Time Build Order
Export as new Build Order

Roxrite Terran - Winner!

Build Orders:  

Get SALT Encoding   

  12  0:01  SCV  
  13  0:13  SCV  
  14  0:17  Supply Depot  
  14  0:27  SCV  
  15  0:40  SCV  
  15  0:41  Barracks  
  16  0:52  Refinery, SCV  
  17  1:04  SCV  
  18  1:16  SCV  
  19  1:28  SCV  
  19  1:31  Command Center  
  20  1:33  Marine  
  21  1:43  Orbital Command  
  21  1:51  Supply Depot  
  21  1:54  Marine  
  22  2:06  Factory  
  22  2:10  SCV  
  23  2:20  Marine  
  23  2:22  SCV  
  25  2:23  Refinery  
  25  2:30  Supply Depot  
  25  2:38  Marine  
  25  2:43  Orbital Command  
  26  2:48  SCV  
  27  2:53  Hellion  
  27  2:56  Marine  
  30  3:00  SCV  
  30  3:01  Starport  
  31  3:10  Armory  
  31  3:14  Marine  
  32  3:28  Hellion  
  34  3:42  Orbital Command  
  34  3:50  Hellion, Bunker  
  34  3:51  Medivac  
  38  3:56  Marine  
  39  4:08  SCV x2  
  41  4:15  Factory Tech Lab  
  41  4:21  Liberator  
  41  4:24  Barracks Tech Lab  
  41  4:25  Barracks x2  
  41  4:32  Supply Depot  
  41  4:34  Siege Tank  
  47  4:46  Stimpack  
  47  4:47  Marine  
  43  5:18  Marine x3  
  41  5:26  Hellion  
  41  5:27  SCV x2  
  40  5:36  Marine x3  
  40  5:39  SCV x2  
  45  5:47  Siege Tank  
  45  5:49  Supply Depot  
  48  5:51  SCV x2  
  48  5:54  Marine x3  
  53  6:03  SCV x2  
  52  6:11  Marine  
  52  6:12  Marine x2  
  52  6:15  Medivac  
  57  6:19  Siege Tank  
  57  6:25  Terran Vehicle Weapons Level 1  
  60  6:26  SCV  
  60  6:27  Command Center, SCV  
  60  6:29  Marine x2  
  60  6:30  Marine  
  65  6:38  SCV  
  66  6:47  Marine x3  
  66  6:53  Siege Tank  
  70  6:56  Refinery  
  70  6:57  Refinery  
  70  6:59  Supply Depot x2  
  70  7:02  Supply Depot  
  70  7:09  Barracks Reactor  
  70  7:11  Starport Reactor  
  70  7:14  Barracks Reactor  
  70  7:19  Barracks  
  70  7:20  Engineering Bay x2  
  70  7:21  Marine, SCV x2  
  73  7:22  Barracks  
  73  7:33  SCV  
  70  7:39  Marine  
  69  7:49  Marine  
  69  7:50  Siege Tank, SCV x2  
  75  7:57  Marine  
  76  7:58  Marine x2  
  76  7:59  Marine  
  76  8:02  Medivac, SCV  
  76  8:03  SCV  
  83  8:15  Marine  
  82  8:22  Siege Tank  
  82  8:23  Marine  
  82  8:24  Marine x5  
  84  8:33  Marine  
  82  8:36  Orbital Command  
  82  8:38  SCV x2  
  82  8:41  Marine x3  
  84  8:47  Marine x3  
  90  8:50  Marine, SCV  
  90  8:54  Siege Tank  
  95  8:59  Marine x2  
  97  9:06  Marine, SCV  
  97  9:07  Marine x3  
  97  9:09  SCV x2  
  104  9:16  Supply Depot  
  104  9:18  SCV  
  104  9:21  SCV x2  
  107  9:30  SCV  
  108  9:33  SCV  
Show
View Real Time Build Order
Export as new Build Order

Smeeeger Zerg 

Build Orders: Hatch First 

Get SALT Encoding   

  12  0:01  Drone  
  13  0:14  Overlord  
  13  0:19  Drone  
  14  0:32  Drone x2  
  16  0:38  Drone  
  17  0:47  Drone  
  18  0:59  Hatchery  
  17  1:10  Spawning Pool  
  16  1:12  Drone  
  17  1:23  Drone  
  17  1:24  Drone  
  19  1:27  Extractor  
  19  1:30  Drone  
  19  1:44  Overlord  
  19  1:57  Queen  
  19  1:58  Zergling x2  
  22  2:03  Zergling x2  
  23  2:11  Queen  
  23  2:12  Zergling x2  
  26  2:16  Drone  
  27  2:24  Drone x2  
  29  2:30  Metabolic Boost  
  29  2:36  Queen  
  31  2:37  Overlord  
  31  2:43  Drone x2  
  33  2:51  Drone  
  34  2:54  Overlord  
  34  2:56  Overlord  
  34  3:11  Hatchery  
  33  3:16  Drone x3  
  36  3:25  Baneling Nest  
  35  3:29  Roach Warren  
  35  3:31  Drone x2  
  35  3:32  Drone x2  
  39  3:42  Overlord x2  
  39  3:49  Drone  
  39  3:50  Overlord  
  39  3:53  Zergling x2  
  39  3:54  Zergling x2  
  42  4:01  Drone x2, Evolution Chamber  
  43  4:03  Drone x2  
  43  4:04  Drone  
  43  4:07  Extractor  
  43  4:08  Drone  
  43  4:09  Extractor  
  45  4:12  Roach  
  47  4:22  Drone x3  
  50  4:25  Queen  
  52  4:33  Queen  
  52  4:34  Drone  
  52  4:35  Roach  
  57  4:40  Lair  
  57  4:44  Roach  
  59  4:56  Roach x2  
  60  5:05  Roach x4  
  60  5:06  Roach  
  64  5:10  Roach  
  62  5:18  Roach  
  60  5:22  Roach  
  59  5:32  Drone  
  59  5:33  Drone x6, Extractor  
  59  5:34  Drone  
  66  5:41  Drone x2  
  68  5:45  Drone  
  69  5:53  Hatchery, Zerg Missile Weapons Level 1  
  58  6:16  Hydralisk Den  
  58  6:18  Queen  
  57  6:19  Drone x4, Extractor  
  57  6:20  Drone x3  
  57  6:21  Spore Crawler  
  57  6:24  Spore Crawler  
  57  6:25  Spore Crawler  
  62  6:27  Drone  
  62  6:28  Spore Crawler, Drone x3  
  65  6:35  Drone x3  
  65  6:36  Drone  
  69  6:57  Roach x3  
  69  6:58  Roach x2  
  69  6:59  Drone x2  
  81  7:03  Muscular Augments  
  81  7:10  Hydralisk x3, Extractor  
  81  7:11  Overlord  
  81  7:14  Roach  
  88  7:24  Overlord x2  
  88  7:27  Overlord  
  88  7:28  Queen  
  88  7:29  Overlord  
  82  7:38  Hydralisk  
  72  7:46  Roach  
  72  7:47  Roach x5  
  72  7:49  Roach  
  72  7:51  Zergling x2  
  75  7:53  Zergling x2  
  75  7:54  Zergling x2  
  75  7:56  Zergling x2  
  75  7:57  Zergling x2  
  79  8:01  Zergling x2  
  79  8:02  Zergling x8  
  79  8:03  Zergling x2  
  83  8:12  Roach x4  
  85  8:25  Roach  
  85  8:26  Roach x5  
  89  8:52  Hatchery  
  85  9:00  Ravager x2  
  85  9:01  Ravager  
  88  9:04  Zergling x22  
  99  9:14  Hatchery  
Tags
 
Add a new tag
Caveats
  • Supply blocks, unpowered buildings, or Contaminate may cause inaccurate times.
  • Supply counts are checked every 10 seconds.